 Dungeon Crawl Stone Soup version 0.28.0-43-g3370ac3207 (webtiles) character file.

Game seed: 17862580810847524367

242 tizbic2 the Sneak (level 6, -3/84 HPs)
             Began as a Naga Berserker on Mar 13, 2022.
             Was a Believer of Trog.
             Killed by divine providence
             ... invoked by an orc priest
              (13 damage)
             ... on level 4 of the Dungeon.
             The game lasted 00:16:15 (4620 turns).

tizbic2 the Sneak (Naga Berserker)                  Turns: 4620, Time: 00:16:16

Health: -3/84      AC:  3    Str: 20    XL:     6   Next: 9%
Magic:  6/6        EV:  6    Int:  7    God:    Trog [**....]
Gold:   134        SH: 11    Dex: 12    Spells: 5/5 levels left

rFire   . . .      SeeInvis +   a - +0 rapier
rCold   . . .      Faith    .   j - +0 tower shield
rNeg    . . .      Spirit   .   b - +0 animal skin
rPois   +          Reflect  .   (no helmet)
rElec   .          Harm     .   (no cloak)
rCorr   .          Rampage  .   (no gloves)
Will    .....                   (no barding)
Stlth   ..........              (no amulet)
HPRegen 0.24/turn               (no ring)
MPRegen 0.10/turn               (no ring)

@: berserking, about to teleport, short of breath, quick
A: AC +2, large, see invisible, deformed body, poison resistance, slowness 2,
spit poison 1, naga tail 1
a: Spit Poison, Renounce Religion, Berserk, Trog's Hand


You were on level 4 of the Dungeon.
You worshipped Trog.
Trog was pleased with you.
You visited 1 branch of the dungeon, and saw 4 of its levels.

You collected 134 gold pieces.

Inventory:

Hand Weapons
 a - a +0 rapier (weapon)
 h - a +0 war axe
 w - a +0 dagger
Missiles
 n - 5 poisoned darts
Armour
 b - a +0 animal skin (worn)
 j - a +0 tower shield (worn)
 l - a +0 chain mail
Scrolls
 c - a scroll of identify {unknown}
 e - a scroll of enchant weapon {unknown}
 f - 2 scrolls of noise {unknown}
 g - a scroll of teleportation
 i - a scroll of enchant armour {unknown}
 o - a scroll of amnesia {unknown}
Potions
 d - 2 potions of heal wounds {unknown}
 m - a potion of might {unknown}


   Skills:
 - Level 3.0 Fighting
 + Level 4.2 Short Blades
 - Level 1.5 Armour
 - Level 1.5 Dodging
 * Level 6.6 Stealth
 * Level 1.8 Shields


You had 5 spell levels left.
You didn't know any spells.
Your spell library was empty.

Dungeon Overview and Level Annotations

Branches:
Dungeon (4/15)
 Temple: D:4-7

Altars:

Annotations:
D:4 Natasha


Innate Abilities, Weirdness & Mutations

Your serpentine skin is tough. (AC +2)
You have supernaturally acute eyesight. (SInv)
Armour fits poorly on your strangely shaped body.
Your system is resistant to poisons. (rPois)
You cover ground very slowly.
You can spit poison.
You have a snake-like lower body.


Message History

You kill the orc wizard!
Trog accepts your kill.
Trog appreciates your killing of a magic user.
The orc priest calls down the wrath of Beogh upon you.
Beogh smites you!
* * * LOW HITPOINT WARNING * * *
The orc priest hits you with a +0 falchion.
* * * LOW HITPOINT WARNING * * *
Natasha, Servant of Life and Death comes into view.
Natasha hisses angrily.
You have reached level 6!
Your skin feels tougher.
You feel better. The orc priest barely misses you.
You block the orc priest's attack. You block the orc's attack.
Aiming: Spit Poison (1% risk of failure)
Press: ? - help, Q - select action, (/) - cycle Shift-Dir - straight line, f - orc priest
Aim: an orc priest, wielding a +0 falchion, wearing the +0 robe of the End {Will+++ Int-4 Dex-4 Archmagi} and wearing a +0 kite shield (fast, 65% to hit)
The orc priest blocks the splash of poison.
The orc priest hits you with a +0 falchion.
* * * LOW HITPOINT WARNING * * *
Okay, then.
As you read the scroll of teleportation, it crumbles to dust.
You feel strangely unstable.
The orc priest hits you with a +0 falchion.
* * * LOW HITPOINT WARNING * * *
Natasha extends her claws.
The orc priest hits you with a +0 falchion.
* * * LOW HITPOINT WARNING * * *
You block the orc's attack.
A red film seems to cover your vision as you go berserk!
You feel yourself moving faster!
You feel mighty! The orc priest barely misses you. The orc closely misses you.
You completely miss the orc priest. The orc priest barely misses you.
The orc priest hits you with a +0 falchion.
* * * LOW HITPOINT WARNING * * *
You block the orc's attack.
You closely miss the orc priest.
The orc priest calls down the wrath of Beogh upon you.
Beogh smites you!
You die...

#.######.#####.#)##.....
#.# #.# #.#......... #.#
#.# ..###........ #.#
#.##.# #......... #.##
#.##. #.#.######. ...#
#... ...#)#
...########.## #.#
.>.#........# #)#
#......<.(# #@#####..
####.####.# #oooh....
#.# # #######.. #.# #.#
#.# #.# #.# #.#


You could see 2 orc priests, Natasha and an orc.

Vanquished Creatures
  An orc priest (D:4)
  An orc wizard (D:4)
  Natasha (twice) (D:4)
  A hound skeleton (D:4)
  3 adders
  An adder skeleton (D:4)
  A worm (D:2)
  4 dart slugs
  2 orcs
  10 ball pythons
  5 bats
  8 endoplasms
  7 giant cockroaches
  8 goblins
  8 hobgoblins
  3 jackals (D:1)
  5 kobolds
  2 quokkas
  3 frilled lizards
  A quokka skeleton (D:4)
  4 rats
80 creatures vanquished.

Vanquished Creatures (others)
  29 plants (D:1)
29 creatures vanquished.

Grand Total: 109 creatures vanquished

Notes
Turn   | Place    | Note
-------+----------+-------------------------------------------
     0 | D:1      | tizbic2 the Naga Berserker began the quest for the Orb.
     0 | D:1      | Reached XP level 1. HP: 21/21 MP: 1/1
    52 | D:1      | Reached skill level 1 in Stealth
   102 | D:1      | Reached skill level 2 in Stealth
   102 | D:1      | Reached XP level 2. HP: 28/28 MP: 2/2
   437 | D:1      | Found a faded altar of an unknown god.
   566 | D:1      | Reached skill level 3 in Stealth
  1071 | D:1      | Reached XP level 3. HP: 22/34 MP: 3/3
  1659 | D:1      | Reached ** piety under Trog
  1949 | D:2      | Reached skill level 4 in Stealth
  2223 | D:2      | Reached XP level 4. HP: 26/42 MP: 4/4
  2484 | D:2      | Reached skill level 5 in Stealth
  4064 | D:4      | Reached XP level 5. HP: 45/49 MP: 5/5
  4070 | D:4      | Noticed Natasha
  4089 | D:4      | Killed Natasha
  4090 | D:4      | Reached skill level 1 in Shields
  4419 | D:4      | Reached skill level 6 in Stealth
  4422 | D:4      | Noticed Natasha
  4429 | D:4      | Killed Natasha
  4607 | D:4      | Identified the +0 robe of the End {Will+++ Int-4 Dex-4
                  | Archmagi}
  4614 | D:4      | Noticed Natasha
  4615 | D:4      | Reached XP level 6. HP: 9/56 MP: 6/6
  4620 | D:4      | Killed from afar by an orc priest

Illustrated notes

Levels and vault maps discovered:
D:1:      roderic_crop_circles_arrival_small, layout_basic,
          hellmonk_ecumenical_altar_heavens_door
D:2:      layout_basic, nrook_campfire, hangedman_decor_diamond_cutter
D:3:      layout_basic
D:4:      layout_loops_ring, gammafunk_ghost_split, uniq_natasha

Skill      XL: |  1  2  3  4  5 |
---------------+----------------+-----
Stealth        | 2 3 4 5 6 |  6.6
Shields        | 1 |  1.8
Short Blades   | 4 |  4.2
Fighting       | |  3.0
Armour         | |  1.5
Dodging        | |  1.5

Action                   |  1- 3 |  4- 6 || total
-------------------------+-------+-------++-------
Melee: Short sword       |    24 |       ||    24
       Dagger            |   121 |    42 ||   163
       Rapier            |       |    72 ||    72
Invok: Berserk           |     1 |     1 ||     2
 Abil: Spit Poison       |    26 |    22 ||    48
  Use: Scroll            |     1 |     1 ||     2
       Potion            |       |     2 ||     2
 Stab: Sleeping          |     4 |     9 ||    13
Armor: Animal skin       |    12 |    19 ||    31
Dodge: Dodged            |    63 |    39 ||   102
Block: Tower shield      |       |    45 ||    45
